 Dungeon Crawl Stone Soup version 0.29-a0-284-gf9362112df (webtiles) character file.

Game seed: 7296988418761166818

109 brightshaft the Slasher (level 4, -6/35 HPs)
             Began as a Merfolk Gladiator on Mar 20, 2022.
             Mangled by a gnoll shaman
             ... wielding a +0 halberd
              (17 damage)
             ... on level 3 of the Dungeon.
             The game lasted 00:02:27 (2042 turns).

brightshaft the Slasher (Merfolk Gladiator)         Turns: 2042, Time: 00:02:27

Health: -6/35      AC:  8    Str: 14    XL:     4   Next: 90%
Magic:  4/4        EV: 11    Int:  7    God:
Gold:   60         SH:  0    Dex: 17    Spells: 3/3 levels left

rFire   . . .      SeeInvis .   a - +0 long sword
rCold   . . .      Faith    .   (no shield)
rNeg    . . .      Spirit   .   l - +0 scale mail
rPois   .          Reflect  .   c - +0 helmet
rElec   .          Harm     .   (no cloak)
rCorr   .          Rampage  .   h - +0 pair of gloves
Will    .....                   (no boots)
Stlth   ..........              (no amulet)
HPRegen 0.11/turn               (no ring)
MPRegen 0.09/turn               (no ring)

@: no status effects
A: (nimble swimmer 2), mertail
a: no special abilities


You were on level 3 of the Dungeon.
You visited 1 branch of the dungeon, and saw 3 of its levels.

You collected 93 gold pieces.
You spent 33 gold pieces at shops.

Inventory:

Hand Weapons
 a - a +0 long sword (weapon)
Missiles
 d - 2 throwing nets (quivered)
 e - a javelin
 g - 7 poisoned darts
Armour
 b - a +0 leather armour
 c - a +0 helmet (worn)
 f - a +0 ring mail
 h - a +0 pair of gloves (worn)
 l - a +0 scale mail (worn)
Wands
 k - a wand of mindburst (18)
Potions
 i - 2 potions of curing
 j - 2 potions of haste {unknown}
 m - a potion of heal wounds {unknown}
 o - 2 potions of magic {unknown}


   Skills:
 + Level 3.2 Fighting
 * Level 5.2 Long Blades
 - Level 2.0 Throwing
 + Level 0.4 Armour
 + Level 4.9 Dodging


You had 3 spell levels left.
You didn't know any spells.
Your spell library contained the following spells:

 Spells                   Type           Power      Damage    Failure   Level
 Conjure Flame            Conj/Fire      0%         6-21      99%         3
 Ignite Poison            Fire/Tmut/Pois 0%         N/A       99%         3
 Sticky Flame             Conj/Fire      0%         2d3       100%        4


Dungeon Overview and Level Annotations

Branches:
Dungeon (3/15)

Altars:

Shops:
D:2 !


Innate Abilities, Weirdness & Mutations

((You are very nimble when in or above water. (Stealth+, EV+, Speed+++)))
Your lower body shifts to a powerful aquatic tail in water.


Message History

The kobold throws a stone.
The stone hits you but does no damage.
The kobold throws a stone.
The stone hits you but does no damage.
The kobold throws a stone.
The stone hits you but does no damage. The kobold closely misses you.
You slash the kobold!
You kill the kobold!
The quokka bites you.
You closely miss the quokka.
The quokka bites you but does no damage.
You closely miss the quokka.
The quokka bites you but does no damage.
The gnoll shaman calls upon its god to speed up the gnoll.
The gnoll seems to speed up.
You hear a shout!
You hit the quokka.
You kill the quokka!
A gnoll comes into view. It is wielding a +0 halberd.
You hit the gnoll but do no damage. The gnoll hits you with a +0 club.
The gnoll barely misses you.
The gnoll shaman hits you from afar with a +0 halberd.
You slash the gnoll!
The gnoll is severely wounded.
The gnoll hits you but does no damage.
The gnoll shaman calls upon its god to heal the gnoll.
The gnoll is healed somewhat.
You hit the gnoll.
The gnoll is heavily wounded.
The gnoll shaman closely misses you. The gnoll hits you but does no damage.
You hit the gnoll.
The gnoll is severely wounded.
The gnoll shaman hits you from afar with a +0 halberd!
The gnoll hits you with a +0 club.
You hit the gnoll but do no damage.
The gnoll is severely wounded.
The gnoll shaman hits you but does no damage.
The gnoll hits you with a +0 club.
You hit the gnoll.
The gnoll is severely wounded.
The gnoll shaman hits you from afar with a +0 halberd!
You die...

####.# #....#
#.#### #.# #.# ###
#.# #.> #.# # #.#
############.# ..
#.###ggggg@......#
#.#
#.....############
..r####..####
.gg...g..#
...####.## ... #.#
... #.# ... ..#
... ###


You could see a gnoll shaman and 4 gnolls.

Vanquished Creatures
  Ijyb (D:3)
  3 adders (D:2)
  A worm (D:3)
  4 dart slugs
  7 ball pythons
  6 bats
  An endoplasm (D:2)
  2 giant cockroaches
  3 hobgoblins
  4 kobolds
  2 quokkas
  3 frilled lizards
  6 goblins
  2 rats
45 creatures vanquished.

Notes
Turn   | Place    | Note
-------+----------+-------------------------------------------
     0 | D:1      | brightshaft the Merfolk Gladiator began the quest for the
                  | Orb.
     0 | D:1      | Reached XP level 1. HP: 16/16 MP: 1/1
    73 | D:1      | Reached skill level 4 in Long Blades
    73 | D:1      | Reached XP level 2. HP: 13/23 MP: 2/2
   982 | D:1      | Reached XP level 3. HP: 28/28 MP: 3/3
  1243 | D:2      | Reached XP level 4. HP: 34/34 MP: 4/4
  1560 | D:2      | Found Xat Butu's Distillery.
  1565 | D:2      | Bought a potion of curing for 33 gold pieces
  1685 | D:3      | Reached skill level 5 in Long Blades
  1762 | D:3      | Noticed Ijyb
  1778 | D:3      | Killed Ijyb
  2042 | D:3      | Mangled by a gnoll shaman

Illustrated notes

Levels and vault maps discovered:
D:1:      dpeg_arrival_leaves_temple_mockup, layout_basic
D:2:      layout_rooms, serial_shops, nicolae_shop_hallway_stairs,
          nicolae_concentric_dashed_squares_wild, dreamdust_wishing_well
D:3:      layout_loops_ring, uniq_ijyb, uniq_terence

Skill      XL: |  1  2  3  4 |
---------------+-------------+-----
Long Blades    | 4 5 |  5.2
Fighting       | 3 |  3.2
Throwing       | |  2.0
Armour         | |  0.4
Dodging        | |  4.9

Action                   |  1- 3 |  4- 6 || total
-------------------------+-------+-------++-------
Melee: Long sword        |    69 |    57 ||   126
       Punch             |     1 |     1 ||     2
Throw: Throwing net      |       |     1 ||     1
  Use: Scroll            |       |     3 ||     3
 Stab: Held in net/web   |       |     1 ||     1
Armor: Leather armour    |     1 |       ||     1
       Ring mail         |    17 |    22 ||    39
       Scale mail        |       |    10 ||    10
Dodge: Dodged            |    55 |    42 ||    97

Table legend: (Time is in decaauts)
 A = Elapsed time spent in this place.
 B = Non-inter-level travel time spent in this place.
 C = Inter-level travel time spent in this place.
 D = Time resting spent in this place.
 E = Time spent auto-exploring this place.
 F = Levels seen in this place.
 G = Mean time per level.
                   A        B        C        D        E       F      G
               +--------+--------+--------+--------+--------+-----+--------+
         Total |   2062 |   2012 |     50 |      0 |   1661 |   3 |  687.3 |
       Dungeon |   2062 |   2012 |     50 |      0 |   1661 |   3 |  687.3 |
               +--------+--------+--------+--------+--------+-----+--------+

Top non-repeatable levels by time:
     D:1: 1077 daAuts
     D:2: 602 daAuts
     D:3: 382 daAuts
